 Dungeon Crawl Stone Soup version 0.30.0-5-g1a98f26d00 (webtiles) character file.

Game seed: 1944261431590714564

15 hawla the Firebug (level 2, -8/20 HPs)
             Began as a Meteoran Fire Elementalist on May 10, 2023.
             Mangled by a sleepcap (21 damage)
             ... on level 4 of the Dungeon.
             The game lasted 00:01:35 (204 turns).

hawla the Firebug (Meteoran Fire Elementalist)       Turns: 204, Time: 00:01:36

Health: -8/20      AC:  2    Str:  9    XL:     2   Next: 88%
Magic:  5/7        EV:  2    Int: 16    God:
Gold:   9          SH:  0    Dex: 14    Spells: 6/7 levels left

rFire   . . .        (no weapon)
rCold   . . .        (no shield)
rNeg    . . .        a - +0 robe
rPois   .            (no helmet)
rElec   .            (no cloak)
rCorr   .            (no gloves)
SInv    .            (no boots)
Will    .....        (no amulet)
Stlth   +            (no ring)
HPRegen 0.23/turn    (no ring)
MPRegen 0.10/turn

%: no passive effects
@: sleeping, glowing
A: sense surroundings 1, otherworldly, glowing, explore regen
a: no special abilities


You were on level 4 of the Dungeon.
You visited 1 branch of the dungeon, and saw 4 of its levels.

You collected 9 gold pieces.

Inventory:

Armour
 a - a +0 robe (worn)
Scrolls
 d - a scroll of blinking {unknown}
 e - a scroll of enchant weapon {unknown}
Potions
 b - a potion of magic
 c - a potion of mutation {unknown}


   Skills:
 + Level 2.6 Dodging
 - Level 1.4 Stealth
 + Level 3.0 Spellcasting
 + Level 1.6 Conjurations
 + Level 4.1 Fire Magic


You had 6 spell levels left.
You knew the following spells:

 Your Spells              Type           Power      Damage    Failure   Level
a - Foxfire               Conj/Fire      44%        2x1d6     6%          1

Your spell library contained the following spells:

 Spells                   Type           Power      Damage    Failure   Level
 Scorch                   Fire           30%        2d6       5%          2
 Inner Flame              Hex/Fire       9%         N/A       24%         3
 Volatile Blastmotes      Fire/Tloc      18%        2d11      24%         3
 Flame Wave               Conj/Fire      11%        2d6       50%         4


Dungeon Overview and Level Annotations

Branches:
Dungeon (4/15) Zot: 2195   Temple (0/1) D:4

Altars:


Innate Abilities, Weirdness & Mutations

You passively map a small area around you.
You are easily found by Zot.
You glow in the dark.
You regain HP and MP as you explore.


Message History

Confirm with . or Enter, or press ? or * to list all spells.
You conjure some foxfire!
The foxfire hits the quokka.
You kill the quokka!
The foxfire hits the frilled lizard.
You kill the frilled lizard!
Your Spellcasting skill increases to level 3!
Your foxfire dissipates!
There is a stone staircase leading down here.
Your foxfire dissipates! x2
You climb downwards.
Found a stone staircase leading down and a staircase to the Ecumenical Temple.
There is a stone staircase leading up here.
Found 18 gold pieces.
Found 2 dark potions and 15 gold pieces.
A sleepcap comes into view.
Casting: Foxfire (safe; 6% risk of failure)
Confirm with . or Enter, or press ? or * to list all spells.
You conjure some foxfire!
The sleepcap releases spores at you.
Casting: Foxfire (safe; 6% risk of failure)
Confirm with . or Enter, or press ? or * to list all spells.
You don't know that spell.
Casting: Foxfire (safe; 6% risk of failure)
Confirm with . or Enter, or press ? or * to list all spells.
You don't know that spell.
Casting: Foxfire (safe; 6% risk of failure)
Confirm with . or Enter, or press ? or * to list all spells.
You conjure some foxfire!
The foxfire hits the sleepcap.
The sleepcap is lightly damaged.
The foxfire hits the sleepcap but does no damage.
The sleepcap is lightly damaged.
The sleepcap releases spores at you.
You are engulfed in a cloud of soporific spores!
You fall asleep.
The foxfire hits the sleepcap but does no damage.
The sleepcap is lightly damaged.
The foxfire hits the sleepcap but does no damage.
The sleepcap is lightly damaged.
The sleepcap releases spores at you!!
Ouch! That really hurt!
You die...

* # #..# *
.>....,,, , * ,
,,..#..# * , ,
...... ,,* * , , #
* #.#..# ,* ,
#.#####.#..###* *
*#..$....#....##.##
#......f#.<.......
#......@#..#......
,,
#.....§§#..#.##.##
, ..$..........# ,
, #..§~~..#....# ,
* * ,
..~~§~~.+......!. ,
* *
.~~~~~~~#........
#§§~>~§§#...###.# *
.~§§§§§§#...# .# ,
#.~~§~~.#...# * ,


You could see a sleepcap.

Vanquished Creatures
  2 ball pythons
  2 endoplasms
  A giant cockroach (D:1)
  A goblin (D:1)
  A hobgoblin (D:1)
  3 quokkas
  2 frilled lizards
12 creatures vanquished.

Vanquished Creatures (others)
  38 foxfires
38 creatures vanquished.

Grand Total: 50 creatures vanquished

Notes
Turn   | Place    | Note
-------+----------+-------------------------------------------
     0 | D:1      | hawla the Meteoran Fire Elementalist began the quest for
                  | the Orb.
     0 | D:1      | Reached XP level 1. HP: 14/14 MP: 5/5
    62 | D:1      | Reached skill level 4 in Fire Magic
    63 | D:1      | Reached XP level 2. HP: 14/20 MP: 0/6
   194 | D:4      | Found a staircase to the Ecumenical Temple.
   204 | D:4      | Mangled by a sleepcap

Illustrated notes

Levels and vault maps discovered:
D:1:      lordsloth_arrival_two_stooges, layout_loops_ring
D:2:      layout_basic, uniq_sigmund, uniq_robin
D:3:      gammafunk_steamed_eel, layout_basic, serial_curves, eino_curves_01,
          eino_curves_03
D:4:      layout_basic, minmay_temple_entry_mist,
          amcnicky_mini_corridor_feature, chequers_serial_rivers_large_a

Skill      XL: |  1  2 |
---------------+-------+-----
Fire Magic     | 4 |  4.1
Spellcasting   | 3 |  3.0
Dodging        | |  2.6
Stealth        | |  1.4
Conjurations   | |  1.6

Action                     || total
---------------------------++-------
  Melee: Unarmed           ||     1
   Cast: Foxfire           ||    22
 Armour: Robe              ||     2
  Dodge: Dodged            ||     3
